General information
- name: BNet
- type: Ladder team game (AT/RT)
- host: Battle.net
- saver: t.t.t.t.t.t.t.t
map: MarketSquare
- players: 8
- length: 46:13
- speed: Fast
- version: 1.28 W3XP
- replay type: Public
» download(316 KB)
Players
team 1 (winner)
MisanthropiC (
red | 42 APM | 1928 actions | 45:31)
7 Warden
3 Shadow Strike
3 Blink
1 Fan of Knives
» actions
| Basic commands | 23 | |
| Build / train | 62 | |
| ESC pressed | 12 | |
| Enter build submenu | 26 | |
| Enter hero's abilities submenu | 6 | |
| Give item / drop item | 4 | |
| Right click | 1360 | |
| Select / deselect | 252 | |
| Use ability | 183 | |
1928 total
» units
| Wisp | 25 | |
| Druid of the Talon | 2 | |
27 total
» upgrades
| Druid of the Talon Training | 1 | |
1 total
» buildings
| Altar of Elders | 1 | |
| Moon Well | 10 | |
| Ancient of War | 3 | |
| Tree of Ages | 1 | |
| Ancient of Wonders | 2 | |
| Tree of Eternity | 1 | |
| Ancient of Wind | 1 | |
| Hunter's Hall | 1 | |
| Tree of Life | 2 | |
| Ancient Protector | 2 | |
24 total
» build order
00:10 Altar of Elders
00:49 Moon Well
01:35 Moon Well
02:37 Moon Well
02:38 Moon Well
02:41 Ancient of War
03:18 Moon Well
04:05 Moon Well
04:48 Tree of Ages
04:59 Moon Well
05:00 Moon Well
06:00 Ancient of Wonders
06:10 Ancient of Wonders
06:15 Moon Well
06:16 Moon Well
07:11 Tree of Eternity
07:22 Ancient of Wind
08:21 Hunter's Hall
14:05 Tree of Life
19:51 Tree of Life
25:17 Ancient of War
25:33 Ancient of War
26:06 Ancient Protector
27:33 Ancient Protector
» items
| Boots of Speed | 1 | |
| Circlet of Nobility | 1 | |
| Staff of Teleportation | 1 | |
| Lesser Clarity Potion | 3 | |
| Dust of Appearance | 1 | |
| Potion of Mana | 1 | |
| Anti-magic Potion | 1 | |
| Orb of Lightning | 1 | |
| Potion of Lesser Invulnerability | 1 | |
| Tome of Retraining | 1 | |
12 total
u_wot_m8 (
green | 36 APM | 1644 actions | 46:13)
4 Keeper of the Grove
2 Entangling Roots
2 Thorns Aura
» actions
| Assign group hotkey | 55 | |
| Basic commands | 3 | |
| Build / train | 85 | |
| ESC pressed | 8 | |
| Enter build submenu | 34 | |
| Enter hero's abilities submenu | 4 | |
| Remove unit from queue | 1 | |
| Right click | 934 | |
| Select / deselect | 297 | |
| Select group hotkey | 93 | |
| Use ability | 130 | |
1644 total
» units
| Wisp | 34 | |
| Huntress | 3 | |
| Hippogryph | 12 | |
| Druid of the Claw | 7 | |
| Dryad | 2 | |
58 total
» upgrades
| Strength of the Wild | 2 | |
| Reinforced Hides | 2 | |
| Druid of the Claw Training | 2 | |
| Mark of the Claw | 1 | |
| Abolish Magic | 1 | |
8 total
» buildings
| Altar of Elders | 1 | |
| Moon Well | 12 | |
| Hunter's Hall | 2 | |
| Ancient of War | 1 | |
| Ancient Protector | 8 | |
| Tree of Ages | 3 | |
| Ancient of Wind | 2 | |
| Tree of Eternity | 3 | |
| Ancient of Lore | 2 | |
| Ancient of Wonders | 2 | |
| Tree of Life | 1 | |
37 total
» build order
00:09 Altar of Elders
00:19 Moon Well
01:28 Hunter's Hall
02:11 Hunter's Hall
02:16 Ancient of War
02:19 Moon Well
03:18 Ancient Protector
04:16 Ancient Protector
04:24 Ancient Protector
04:49 Tree of Ages
04:49 Tree of Ages
05:57 Moon Well
05:59 Moon Well
06:11 Ancient Protector
07:16 Ancient of Wind
07:22 Ancient of Wind
08:23 Tree of Eternity
08:23 Tree of Eternity
08:24 Tree of Eternity
10:26 Ancient of Lore
11:28 Moon Well
13:29 Ancient of Lore
13:45 Ancient of Wonders
16:53 Moon Well
18:32 Moon Well
19:42 Tree of Life
19:54 Moon Well
19:56 Ancient Protector
19:57 Ancient Protector
20:00 Ancient Protector
20:01 Moon Well
20:03 Ancient Protector
20:06 Moon Well
36:34 Moon Well
38:12 Ancient of Wonders
» items
| Scroll of Town Portal | 2 | |
| Scroll of Speed | 1 | |
| Orb of Lightning | 1 | |
| Potion of Healing | 1 | |
| Scroll of Protection | 1 | |
6 total
PHONE-NEVER-LIE (
blue | 59 APM | 2739 actions | 46:13)
6 Blademaster
3 Wind Walk
2 Critical Strike
1 Bladestorm
» actions
| Assign group hotkey | 35 | |
| Basic commands | 99 | |
| Build / train | 63 | |
| Enter build submenu | 28 | |
| Enter hero's abilities submenu | 6 | |
| Remove unit from queue | 1 | |
| Right click | 1391 | |
| Select / deselect | 312 | |
| Select group hotkey | 634 | |
| Use ability | 169 | |
2739 total
» units
| Peon | 10 | |
| Wind Rider | 6 | |
| Raider | 5 | |
| Troll Batrider | 2 | |
23 total
» upgrades
| Ranged Weapons | 2 | |
| Reinforced Defenses | 1 | |
| Armor | 2 | |
| Envenomed Spears | 1 | |
| Ensnare | 1 | |
| Melee Weapons | 2 | |
| Pillage | 1 | |
10 total
» buildings
| Altar of Storms | 1 | |
| Orc Burrow | 7 | |
| War Mill | 1 | |
| Voodoo Lounge | 1 | |
| Watch Tower | 17 | |
| Stronghold | 3 | |
| Beastiary | 3 | |
| Fortress | 2 | |
| Great Hall | 1 | |
36 total
» build order
00:06 Altar of Storms
00:20 Orc Burrow
00:46 War Mill
01:15 Voodoo Lounge
02:05 Watch Tower
02:15 Watch Tower
02:43 Orc Burrow
03:12 Stronghold
03:12 Stronghold
03:28 Watch Tower
03:37 Watch Tower
03:52 Watch Tower
04:09 Orc Burrow
04:10 Orc Burrow
04:12 Orc Burrow
05:45 Beastiary
05:49 Beastiary
05:51 Fortress
05:52 Fortress
09:36 Watch Tower
10:59 Beastiary
11:01 Orc Burrow
11:24 Watch Tower
11:30 Watch Tower
17:31 Orc Burrow
24:49 Great Hall
24:54 Watch Tower
24:54 Watch Tower
24:55 Watch Tower
24:55 Watch Tower
25:59 Watch Tower
26:01 Watch Tower
26:07 Watch Tower
26:08 Watch Tower
26:22 Watch Tower
» items
| Healing Salve | 3 | |
| Orb of Lightning | 1 | |
| Scroll of Town Portal | 4 | |
| Boots of Speed | 1 | |
| Staff of Teleportation | 1 | |
| Potion of Lesser Invulnerability | 1 | |
11 total
BRBFUKKURMOMS (
teal | 65 APM | 2986 actions | 46:13)
6 Death Knight
3 Death Coil
3 Unholy Aura
5 Naga Sea Witch
2 Forked Lightning
3 Frost Arrows
» actions
| Assign group hotkey | 169 | |
| Basic commands | 115 | |
| Build / train | 113 | |
| Enter build submenu | 46 | |
| Enter hero's abilities submenu | 13 | |
| Give item / drop item | 15 | |
| Remove unit from queue | 4 | |
| Right click | 1221 | |
| Select / deselect | 481 | |
| Select group hotkey | 634 | |
| Use ability | 175 | |
2986 total
» units
| Acolyte | 26 | |
| Ghoul | 7 | |
| Gargoyle | 6 | |
| Crypt Fiend | 7 | |
46 total
» upgrades
| Creature Attack | 3 | |
| Creature Carapace | 3 | |
| Web | 1 | |
| Burrow | 1 | |
| Stone Form | 1 | |
9 total
» buildings
| Crypt | 3 | |
| Ziggurat | 27 | |
| Altar of Darkness | 1 | |
| Tomb of Relics | 1 | |
| Graveyard | 1 | |
| Halls of the Dead | 4 | |
| Necropolis | 4 | |
| Black Citadel | 2 | |
| Spirit Tower | 7 | |
| Nerubian Tower | 1 | |
| Sacrificial Pit | 1 | |
| Boneyard | 4 | |
56 total
» build order
00:11 Crypt
00:14 Ziggurat
00:35 Altar of Darkness
01:39 Ziggurat
02:07 Tomb of Relics
02:25 Graveyard
03:03 Halls of the Dead
03:04 Halls of the Dead
03:42 Crypt
03:50 Ziggurat
03:53 Ziggurat
05:52 Necropolis
10:11 Black Citadel
11:05 Spirit Tower
11:07 Nerubian Tower
12:12 Sacrificial Pit
12:13 Ziggurat
13:39 Spirit Tower
13:54 Ziggurat
13:56 Ziggurat
14:31 Ziggurat
14:31 Ziggurat
14:32 Ziggurat
16:10 Spirit Tower
17:12 Necropolis
17:16 Ziggurat
17:17 Ziggurat
17:32 Necropolis
17:57 Spirit Tower
17:59 Ziggurat
18:01 Ziggurat
18:03 Ziggurat
18:04 Ziggurat
19:24 Halls of the Dead
19:26 Spirit Tower
19:30 Spirit Tower
19:34 Ziggurat
19:54 Crypt
20:31 Ziggurat
20:35 Ziggurat
20:37 Ziggurat
20:38 Ziggurat
20:42 Ziggurat
21:59 Spirit Tower
22:02 Halls of the Dead
22:04 Black Citadel
23:43 Ziggurat
23:43 Ziggurat
23:44 Ziggurat
23:44 Ziggurat
23:45 Ziggurat
25:33 Spirit Tower
36:59 Necropolis
38:06 Boneyard
38:07 Boneyard
38:09 Boneyard
38:13 Boneyard
» items
| Rod of Necromancy | 1 | |
| Periapt of Vitality | 2 | |
| Dust of Appearance | 4 | |
| Scroll of Healing | 1 | |
| Scroll of Protection | 1 | |
| Potion of Healing | 1 | |
| Potion of Mana | 1 | |
| Scroll of Town Portal | 6 | |
| Boots of Speed | 1 | |
| Staff of Teleportation | 2 | |
| Potion of Invisibility | 1 | |
21 total
team 2 (loser)
Keywork (
orange | 38 APM | 1774 actions | 46:13)
4 Mountain King
1 Thunder Clap
2 Storm Bolt
1 Bash
3 Paladin
2 Holy Light
1 Divine Shield
1 Blademaster
1 Critical Strike
» actions
| Basic commands | 40 | |
| Build / train | 97 | |
| Enter build submenu | 33 | |
| Enter hero's abilities submenu | 8 | |
| Give item / drop item | 3 | |
| Remove unit from queue | 6 | |
| Right click | 1022 | |
| Select / deselect | 480 | |
| Use ability | 83 | |
1774 total
» units
| Peasant | 15 | |
| Footman | 9 | |
| Rifleman | 6 | |
| Flying Machine | 6 | |
| Siege Engine | 9 | |
| Mortar Team | 2 | |
47 total
» upgrades
| Masonry | 1 | |
| Lumber Harvesting | 1 | |
| Gunpowder | 3 | |
| Barrage | 1 | |
| Plating | 3 | |
| Flying Machine Bombs | 1 | |
| Flak Cannons | 1 | |
11 total
» buildings
| Altar of Kings | 1 | |
| Farm | 14 | |
| Barracks | 1 | |
| Scout Tower | 7 | |
| Arcane Tower | 3 | |
| Keep | 1 | |
| Lumber Mill | 1 | |
| Arcane Vault | 1 | |
| Town Hall | 1 | |
| Guard Tower | 2 | |
| Castle | 1 | |
| Blacksmith | 1 | |
| Workshop | 3 | |
37 total
» build order
00:14 Altar of Kings
00:24 Farm
00:35 Barracks
00:51 Farm
01:25 Scout Tower
02:01 Arcane Tower
02:34 Farm
03:11 Keep
03:30 Lumber Mill
04:38 Arcane Vault
05:58 Town Hall
06:14 Scout Tower
06:15 Scout Tower
06:17 Scout Tower
08:25 Arcane Tower
08:27 Guard Tower
09:28 Castle
09:52 Blacksmith
10:29 Scout Tower
11:04 Scout Tower
11:08 Scout Tower
11:49 Workshop
12:03 Guard Tower
13:33 Workshop
14:04 Arcane Tower
14:35 Farm
14:41 Farm
15:25 Farm
16:31 Farm
16:37 Farm
16:52 Workshop
17:07 Farm
17:16 Farm
19:52 Farm
19:53 Farm
20:42 Farm
23:44 Farm
» items
| Scroll of Regeneration | 2 | |
| Lesser Clarity Potion | 1 | |
| Boots of Speed | 2 | |
| Periapt of Vitality | 2 | |
| Potion of Lesser Invulnerability | 3 | |
| Scroll of Town Portal | 5 | |
| Circlet of Nobility | 1 | |
16 total
pmltetimeslice (
pink | 97 APM | 2716 actions | 27:57)
3 Blademaster
2 Wind Walk
1 Critical Strike
» actions
| Assign group hotkey | 47 | |
| Basic commands | 3 | |
| Build / train | 82 | |
| Enter build submenu | 19 | |
| Enter hero's abilities submenu | 5 | |
| Give item / drop item | 1 | |
| Remove unit from queue | 2 | |
| Right click | 1256 | |
| Select / deselect | 610 | |
| Select group hotkey | 565 | |
| Use ability | 126 | |
2716 total
» units
» upgrades
| Melee Weapons | 3 | |
| Ensnare | 1 | |
| Pillage | 1 | |
| Spiked Barricades | 3 | |
| Armor | 1 | |
9 total
» buildings
| Orc Burrow | 5 | |
| Altar of Storms | 1 | |
| Barracks | 1 | |
| Stronghold | 1 | |
| War Mill | 1 | |
| Voodoo Lounge | 1 | |
| Beastiary | 4 | |
| Watch Tower | 4 | |
| Fortress | 1 | |
19 total
» build order
00:07 Orc Burrow
00:10 Altar of Storms
00:22 Barracks
01:42 Orc Burrow
04:13 Stronghold
04:47 War Mill
04:52 Voodoo Lounge
07:02 Beastiary
08:08 Beastiary
09:07 Orc Burrow
09:44 Orc Burrow
12:17 Watch Tower
12:21 Watch Tower
14:12 Watch Tower
14:15 Orc Burrow
14:54 Fortress
18:24 Watch Tower
22:52 Beastiary
22:57 Beastiary
» items
| Circlet of Nobility | 1 | |
| Dust of Appearance | 1 | |
| Lesser Clarity Potion | 6 | |
| Scroll of Speed | 5 | |
| Healing Salve | 3 | |
| Scroll of Regeneration | 1 | |
| Scroll of Town Portal | 7 | |
| Scroll of Protection | 3 | |
| Potion of Invisibility | 1 | |
28 total
MajorNewbs (
purple | 42 APM | 1261 actions | 30:05)
6 Blademaster
3 Wind Walk
2 Critical Strike
1 Bladestorm
» actions
| Basic commands | 4 | |
| Build / train | 100 | |
| Enter build submenu | 38 | |
| Enter hero's abilities submenu | 6 | |
| Give item / drop item | 8 | |
| Remove unit from queue | 3 | |
| Right click | 502 | |
| Select / deselect | 456 | |
| Use ability | 144 | |
1261 total
» units
» upgrades
| Ranged Weapons | 3 | |
| Armor | 3 | |
| Liquid Fire | 1 | |
| Reinforced Defenses | 1 | |
| Spiked Barricades | 3 | |
11 total
» buildings
| War Mill | 2 | |
| Orc Burrow | 6 | |
| Altar of Storms | 1 | |
| Voodoo Lounge | 1 | |
| Watch Tower | 20 | |
| Stronghold | 4 | |
| Fortress | 4 | |
| Beastiary | 3 | |
| Great Hall | 1 | |
42 total
» build order
00:24 War Mill
00:41 Orc Burrow
01:09 Altar of Storms
01:37 Orc Burrow
02:17 Voodoo Lounge
02:30 Watch Tower
03:03 Stronghold
03:04 Stronghold
03:38 Orc Burrow
04:34 Orc Burrow
05:25 Fortress
05:25 Fortress
05:25 Fortress
05:36 Beastiary
06:12 Beastiary
06:24 Beastiary
09:30 Watch Tower
09:46 Watch Tower
10:45 Watch Tower
11:19 Watch Tower
11:55 Watch Tower
12:14 Orc Burrow
12:18 Orc Burrow
12:31 Watch Tower
16:06 Watch Tower
16:12 Watch Tower
17:55 Watch Tower
17:57 Watch Tower
20:01 Watch Tower
20:02 Watch Tower
20:02 Watch Tower
20:46 Watch Tower
20:50 Watch Tower
20:51 Watch Tower
22:12 Watch Tower
22:44 War Mill
22:52 Watch Tower
23:49 Great Hall
24:04 Watch Tower
» items
| Healing Salve | 2 | |
| Circlet of Nobility | 3 | |
| Boots of Speed | 1 | |
| Orb of Lightning | 1 | |
| Lesser Clarity Potion | 2 | |
9 total
t.t.t.t.t.t.t.t (
yellow | 125 APM | 5771 actions | 46:13)
6 Archmage
3 Summon Water Elemental
2 Brilliance Aura
1 Mass Teleport
6 Mountain King
3 Storm Bolt
2 Bash
1 Avatar
5 Paladin
3 Holy Light
2 Divine Shield
» actions
| Assign group hotkey | 101 | |
| Basic commands | 532 | |
| Build / train | 194 | |
| ESC pressed | 4 | |
| Enter build submenu | 44 | |
| Enter hero's abilities submenu | 19 | |
| Give item / drop item | 30 | |
| Right click | 1862 | |
| Select / deselect | 692 | |
| Select group hotkey | 1782 | |
| Use ability | 511 | |
5771 total
» units
| Peasant | 13 | |
| Footman | 9 | |
| Rifleman | 2 | |
| Spell Breaker | 1 | |
| Priest | 2 | |
| Gryphon Rider | 2 | |
| Dragonhawk Rider | 4 | |
33 total
» upgrades
| Masonry | 3 | |
| Swords | 3 | |
| Plating | 3 | |
| Priest Training | 2 | |
| Sorceress Training | 2 | |
| Long Rifles | 1 | |
| Gunpowder | 3 | |
| Lumber Harvesting | 2 | |
| Armor | 3 | |
| Cloud | 1 | |
| Storm Hammers | 1 | |
| Animal War Training | 1 | |
| Ensnare | 2 | |
| Melee Weapons | 1 | |
| Magic Sentry | 1 | |
29 total
» buildings
| Altar of Kings | 1 | |
| Barracks | 1 | |
| Farm | 12 | |
| Lumber Mill | 1 | |
| Arcane Vault | 1 | |
| Town Hall | 1 | |
| Scout Tower | 17 | |
| Keep | 3 | |
| Blacksmith | 1 | |
| Arcane Tower | 4 | |
| Guard Tower | 33 | |
| Castle | 2 | |
| Arcane Sanctum | 2 | |
| Gryphon Aviary | 4 | |
83 total
» build order
00:41 Altar of Kings
00:44 Barracks
00:52 Farm
01:06 Farm
01:36 Farm
02:04 Lumber Mill
02:09 Farm
02:13 Arcane Vault
04:03 Town Hall
05:16 Scout Tower
05:45 Keep
05:45 Keep
05:49 Blacksmith
05:53 Arcane Tower
06:11 Scout Tower
06:40 Arcane Tower
06:40 Arcane Tower
06:45 Scout Tower
07:09 Scout Tower
07:16 Scout Tower
07:17 Scout Tower
07:18 Scout Tower
07:19 Scout Tower
07:42 Guard Tower
07:42 Guard Tower
07:42 Guard Tower
08:14 Castle
08:14 Castle
08:16 Guard Tower
08:16 Guard Tower
08:23 Farm
09:39 Scout Tower
09:40 Scout Tower
09:48 Arcane Sanctum
09:51 Arcane Sanctum
10:11 Guard Tower
10:12 Guard Tower
10:12 Guard Tower
10:13 Guard Tower
10:13 Guard Tower
10:33 Gryphon Aviary
13:21 Scout Tower
13:22 Scout Tower
14:28 Guard Tower
14:29 Guard Tower
17:09 Gryphon Aviary
17:10 Gryphon Aviary
17:11 Gryphon Aviary
17:14 Farm
17:15 Farm
17:19 Farm
17:20 Farm
20:19 Farm
22:20 Farm
22:21 Farm
26:26 Scout Tower
26:27 Scout Tower
26:28 Scout Tower
27:01 Guard Tower
27:01 Guard Tower
27:01 Guard Tower
27:01 Guard Tower
27:02 Guard Tower
27:02 Guard Tower
27:21 Scout Tower
27:22 Scout Tower
27:55 Guard Tower
27:55 Guard Tower
27:55 Guard Tower
27:57 Guard Tower
27:57 Guard Tower
27:58 Guard Tower
» items
| Scroll of Regeneration | 7 | |
| Mechanical Critter | 10 | |
| Orb of Fire | 1 | |
| Boots of Speed | 1 | |
| Periapt of Vitality | 2 | |
| Staff of Teleportation | 3 | |
| Potion of Lesser Invulnerability | 1 | |
| Staff of Sanctuary | 1 | |
| Scroll of Town Portal | 1 | |
27 total
Chat log
(00:49 / Allies) MajorNewbs: cc
(01:18 / All) u_wot_m8: i am smoking and there was an unusual smell...
(01:22 / All) u_wot_m8: well i have one less shirt now...
(01:53 / All) MajorNewbs: green smokes cigs, crystal meth and crack cocaine
(01:56 / All) MajorNewbs: junkie
(02:07 / All) u_wot_m8: how else can we bare to play THIS?
(02:58 / All) u_wot_m8: oh no not this trash again
(03:03 / All) t.t.t.t.t.t.t.t: ?
(03:46 / All) u_wot_m8: hey pink i gotta send you a replay
(06:43 / Allies) Keywork: creep mid?
(07:45 / Allies) Keywork: teal fast gargs
(10:12 / Allies) Keywork: wood?
(10:21 / Allies) Keywork: thx
(12:38 / All) PHONE-NEVER-LIE: DIVINE FIRST
(12:39 / All) PHONE-NEVER-LIE: WTF
(12:56 / Allies) Keywork: that was a pot
(12:59 / Allies) Keywork: not divine first
(13:46 / Allies) t.t.t.t.t.t.t.t: hit here
(14:00 / All) BRBFUKKURMOMS: sigh
(14:13 / Allies) t.t.t.t.t.t.t.t: hit here
(14:37 / All) BRBFUKKURMOMS: this kid is a hacker lol
(15:00 / All) MisanthropiC: :)
(15:12 / All) t.t.t.t.t.t.t.t: nice hacks pink
(16:26 / Allies) Keywork: tanks on the way
(16:29 / All) BRBFUKKURMOMS: god lol
(16:33 / All) BRBFUKKURMOMS: this is gay
(17:22 / All) BRBFUKKURMOMS: I can't even get web
(17:40 / Allies) t.t.t.t.t.t.t.t: lumber me plz
(17:54 / Allies) Keywork: let it fall
(19:27 / Allies) t.t.t.t.t.t.t.t: lumber me
(21:04 / Allies) t.t.t.t.t.t.t.t: lumber me
(21:41 / All) PHONE-NEVER-LIE: lawl
(21:55 / All) MajorNewbs: yellow has 7000 gold
(22:03 / All) MajorNewbs: giving you newbs a chance
(22:03 / All) t.t.t.t.t.t.t.t: and I have asshole allies who don't share lumber
(23:53 / Allies) Keywork: ?
(24:13 / Allies) Keywork: yellow tk now
(24:18 / Allies) MajorNewbs: this bitch is tking
(24:31 / All) PHONE-NEVER-LIE: seriously
(24:34 / All) PHONE-NEVER-LIE: i hav e to admit
(24:39 / All) PHONE-NEVER-LIE: u guys are coordinating good
(24:50 / All) MajorNewbs: yellow is a homo
(24:57 / All) PHONE-NEVER-LIE: how?
(25:00 / All) MajorNewbs: he is tking with 7000 gold and attacking orange
(25:13 / All) MajorNewbs: yellow massed 7000 built a army and is killing orange
(25:18 / All) MajorNewbs: yellow is your bitch
(25:24 / All) t.t.t.t.t.t.t.t: fuck off green I'm teamkilling
(25:29 / All) u_wot_m8: sorry
(25:33 / All) MajorNewbs: thank yellow for your win
(25:39 / All) MajorNewbs: the kid is a fag
(25:48 / All) PHONE-NEVER-LIE: pink
(25:49 / All) PHONE-NEVER-LIE: be honest
(25:51 / All) PHONE-NEVER-LIE: u maphack
(26:21 / All) MisanthropiC: b
(26:28 / All) PHONE-NEVER-LIE: u got it
(27:39 / All) MajorNewbs: you may only win because yellow is a fag, massed close to 8000 and is attacking our bases
(27:51 / All) MajorNewbs: obviously he has his ass cheeks spread open for your side
(27:53 / All) PHONE-NEVER-LIE: im positive
(27:55 / All) PHONE-NEVER-LIE: pink hacks
(27:57 / All) PHONE-NEVER-LIE: positive
(28:03 / All) t.t.t.t.t.t.t.t: that's some wild gay fantasies purp
(28:11 / All) MajorNewbs: yellow is a homo
(28:18 / All) t.t.t.t.t.t.t.t: purple is a faggot
(28:22 / All) t.t.t.t.t.t.t.t: spreading wild faggot fantasies about me
(28:22 / All) PHONE-NEVER-LIE: no way
(28:27 / All) PHONE-NEVER-LIE: does pink or purp not hack
(28:30 / All) PHONE-NEVER-LIE: u hack purple
(28:31 / All) PHONE-NEVER-LIE: admit it
(28:39 / All) MajorNewbs: have proof?
(28:49 / All) u_wot_m8: yes im right behind you
(28:55 / All) PHONE-NEVER-LIE: no way 45% nubs like u and pink should be coordinating that welll
(29:18 / All) MajorNewbs: you are lucky your butt buddy yellow won it for you
(29:22 / All) BRBFUKKURMOMS: oh pink left
(29:23 / All) BRBFUKKURMOMS: tt
(29:27 / All) BRBFUKKURMOMS: I got shit to rape his bm
(29:27 / All) MajorNewbs: queer boy yellow must be your lover
(29:31 / All) PHONE-NEVER-LIE: i guess im also unlucky you hack?
(29:36 / All) u_wot_m8: lmfao
(29:42 / All) MajorNewbs: how do I hack?
(29:54 / All) MajorNewbs: there are all kinds of ways to reveal the map
(29:56 / All) MajorNewbs: you dumb newb
(30:08 / All) BRBFUKKURMOMS: damn
(30:10 / All) t.t.t.t.t.t.t.t: By the power of the light, BURN!
(30:11 / All) BRBFUKKURMOMS: now I got stuff to rape bms
(30:13 / All) BRBFUKKURMOMS: they leave
(30:24 / All) t.t.t.t.t.t.t.t: yeh cuz you told me to tk lawl
(30:27 / All) Keywork: was 3v4 chill my man
(30:30 / All) t.t.t.t.t.t.t.t: coulda played it out longer
(30:30 / All) Keywork: gg tho
(30:35 / All) BRBFUKKURMOMS: no lawl
(30:39 / All) BRBFUKKURMOMS: because they were raping me hard
(30:52 / All) BRBFUKKURMOMS: they kept hitting me over and over both of them
(31:04 / All) BRBFUKKURMOMS: and bats raped my gargs didn't know he had bats
(32:23 / All) BRBFUKKURMOMS: pink got me just before I blocked off my base iwth tower
(32:49 / All) BRBFUKKURMOMS: majornewbs was suspicious previous game too
(33:12 / All) PHONE-NEVER-LIE: lol
(33:14 / All) PHONE-NEVER-LIE: thx red
(33:17 / All) t.t.t.t.t.t.t.t: lol
(33:21 / All) t.t.t.t.t.t.t.t: oj tried to buy invul pot
(33:23 / All) Keywork: lol yellow chased my hero for 10 minutes
(33:24 / All) t.t.t.t.t.t.t.t: I triple staffed him
(33:28 / All) t.t.t.t.t.t.t.t: no I didn't lol
(33:28 / All) Keywork: couldnt kill me
(33:30 / All) t.t.t.t.t.t.t.t: that took more like 2
(33:31 / All) Keywork: lol
(33:36 / All) Keywork: still didnt kill me
(33:38 / All) t.t.t.t.t.t.t.t: that was one of my fastest allied hero kills ever lol!
(33:45 / All) t.t.t.t.t.t.t.t: yeah I did, I just raped your mk
(33:47 / All) Keywork: lol hes mad
(33:54 / All) t.t.t.t.t.t.t.t: why would I be mad, I'm happy
(33:57 / All) t.t.t.t.t.t.t.t: raped your hero
(33:57 / All) Keywork: literally cant kill me
(33:59 / All) t.t.t.t.t.t.t.t: feels good man
(34:47 / Allies) t.t.t.t.t.t.t.t: you lose
(34:49 / All) PHONE-NEVER-LIE: green ill let u live if you call me "SIR GERALT OF RIVIA"
(34:51 / Allies) t.t.t.t.t.t.t.t: leave now and you get a tie
(34:53 / Allies) t.t.t.t.t.t.t.t: stay and you get a loss
(35:04 / All) u_wot_m8: suck my balls
(35:11 / All) PHONE-NEVER-LIE: with pleasure
(35:39 / All) PHONE-NEVER-LIE: pruple 100% mh or pink
(35:43 / All) PHONE-NEVER-LIE: i have to watch this replay again
(35:51 / All) BRBFUKKURMOMS: they might both have mh lol
(36:07 / All) t.t.t.t.t.t.t.t: one of them was scouting with a bm first
(36:10 / All) t.t.t.t.t.t.t.t: before attacking places
(36:16 / All) t.t.t.t.t.t.t.t: forget which already since I was paying such little attention
(36:18 / All) MisanthropiC: yellow
(36:20 / All) MisanthropiC: maybe leave
(36:25 / All) t.t.t.t.t.t.t.t: why would I do that, chump
(37:00 / All) PHONE-NEVER-LIE: now i remember green
(37:01 / All) t.t.t.t.t.t.t.t: tell me red, why would I go and do a thing like that?
(37:06 / All) PHONE-NEVER-LIE: he was in that game i had darknesscalled as my ally
(37:15 / All) u_wot_m8: i dont give a fuck
(37:34 / All) BRBFUKKURMOMS: yeh
(37:38 / All) PHONE-NEVER-LIE: oj
(37:43 / All) PHONE-NEVER-LIE: oj will us tay
(37:44 / All) BRBFUKKURMOMS: TT
(37:45 / All) PHONE-NEVER-LIE: in game
(39:31 / All) t.t.t.t.t.t.t.t: RAPE
(39:32 / All) BRBFUKKURMOMS: heh
(39:33 / All) PHONE-NEVER-LIE: pro
(39:47 / All) PHONE-NEVER-LIE: listen up
(39:51 / All) PHONE-NEVER-LIE: this game was rigged
(39:55 / All) u_wot_m8: why are my 3 teammates tking me
(39:57 / All) PHONE-NEVER-LIE: we're killing our shit then leaving game
(39:58 / All) u_wot_m8: like red tked me
(40:00 / All) u_wot_m8: bluye tked me
(40:04 / All) u_wot_m8: and teal tked me
(40:08 / All) PHONE-NEVER-LIE: person who leaves wc3 on all night or week wins
(40:12 / All) t.t.t.t.t.t.t.t: who knows green
(40:13 / All) BRBFUKKURMOMS: I didn't tk!
(40:14 / All) t.t.t.t.t.t.t.t: it is a mystery
(40:15 / All) BRBFUKKURMOMS: u
(40:28 / All) u_wot_m8: sorry teal
(40:31 / All) u_wot_m8: just blue and red
(41:12 / All) PHONE-NEVER-LIE: its gonna be orange vs green and red
(41:13 / All) BRBFUKKURMOMS: Lawl I rarely play UD and this game was the one I pick
(41:15 / All) PHONE-NEVER-LIE: for the championship
(41:19 / All) BRBFUKKURMOMS: with two fucking orc harassers from hell
(41:21 / All) u_wot_m8: teal has 17,5k gold
(41:56 / All) u_wot_m8: 19k gold
(42:05 / All) u_wot_m8: 20k gold wtf
(42:50 / All) MisanthropiC: this game is like a really weird dream i once had
(42:56 / All) u_wot_m8: yeah
(43:00 / All) u_wot_m8: yeah dude i feel ya
(43:05 / All) t.t.t.t.t.t.t.t: what was your dream
(43:18 / All) MisanthropiC: no idea
(43:23 / All) MisanthropiC: thats how i feel about this game
(43:25 / All) PHONE-NEVER-LIE: i always get touched by my boy scout squad leader in my dreams
(43:35 / All) u_wot_m8: lmfao dude
(43:48 / All) MisanthropiC: treasure mountain
(43:50 / All) u_wot_m8: what the actual fuck
(44:07 / All) t.t.t.t.t.t.t.t: 3 heroes of items
(44:13 / All) BRBFUKKURMOMS: 4
(44:35 / All) MisanthropiC: "crickets chirping"
(44:38 / All) PHONE-NEVER-LIE: we'll whisper u tomorrow if game is sitll on
(44:43 / All) PHONE-NEVER-LIE: or next week
(44:51 / All) u_wot_m8: im laughin so hard
(44:55 / All) u_wot_m8: like an autist
(45:09 / All) MisanthropiC: its been a pleasure
(45:13 / All) t.t.t.t.t.t.t.t: one last farm
(45:17 / All) MisanthropiC: i might head in
(45:32 / All) PHONE-NEVER-LIE: it'll be oj vs green then
(46:05 / All) t.t.t.t.t.t.t.t: gl hf!
(46:13 / All) BRBFUKKURMOMS: it'll die instnatly